Map: [ESL] Data-C

Players

goblin

  • Race: Protoss Protoss
  • Spawn Location: 9:00

Spirit - Winner!

  • Race: Terran Terran
  • Spawn Location: 3:00

Event: DreamHack SC2 Masters 2022 Atlanta (Online)

VOD

Have the link to the VOD?

Description

Time

  • Played on: Oct. 12, 2022, 11:28 a.m.
  • Length: 19:57

All games in this series

Show
View Real Time Build Order
Export as new Build Order

goblin Protoss 

Build Orders: Blink Stalkers 

Get SALT Encoding   

  12  0:00  Probe  
  13  0:12  Probe  
  14  0:17  Pylon  
  14  0:24  Probe (Chrono Boost)  
  15  0:36  Probe (Chrono Boost)  
  15  0:37  Gateway  
  16  0:44  Probe (Chrono Boost)  
  16  0:46  Assimilator  
  17  0:50  Probe  
  18  1:03  Probe  
  19  1:15  Probe  
  20  1:29  Probe, Cybernetics Core  
  21  1:40  Pylon  
  21  1:49  Probe  
  22  1:55  Nexus  
  22  2:06  Assimilator  
  22  2:08  Adept  
  24  2:11  Probe (Chrono Boost)  
  24  2:14  Warp Gate  
  26  2:23  Probe (Chrono Boost)  
  26  2:29  Probe (Chrono Boost)  
  27  2:32  Twilight Council  
  27  2:37  Probe  
  27  2:42  Stalker  
  30  2:50  Pylon  
  30  2:52  Probe  
  31  3:07  Probe (Chrono Boost), Blink (Chrono Boost)  
  31  3:08  Probe (Chrono Boost)  
  33  3:18  Probe (Chrono Boost)  
  33  3:19  Probe (Chrono Boost), Stalker  
  37  3:23  Probe x2 (Chrono Boost)  
  39  3:33  Gateway, Probe  
  40  3:35  Probe  
  41  3:45  Robotics Facility  
  41  3:46  Probe  
  41  3:47  Probe  
  43  3:58  Probe, Gateway  
  43  4:00  Gateway  
  44  4:03  Stalker  
  44  4:05  Probe  
  47  4:10  Probe  
  47  4:14  Pylon  
  48  4:17  Probe  
  49  4:28  Warp Prism (Chrono Boost), Probe  
  50  4:32  Assimilator  
  50  4:33  Stalker x2  
  56  4:39  Pylon  
  56  4:57  Stalker  
  56  4:58  Observer, Stalker  
  61  5:01  Stalker  
  61  5:03  Nexus  
  63  5:16  Probe x2  
  63  5:19  Observer  
  63  5:20  Stalker, Pylon  
  68  5:29  Probe  
  68  5:30  Probe  
  68  5:31  Charge  
  68  5:35  Forge, Pylon  
  70  5:39  Stalker x2  
  75  5:42  Probe  
  75  5:43  Probe  
  76  5:55  Observer, Probe (Chrono Boost)  
  77  5:58  Probe (Chrono Boost)  
  78  6:05  Robotics Bay  
  78  6:06  Pylon  
  78  6:07  Probe (Chrono Boost)  
  78  6:10  Probe (Chrono Boost)  
  80  6:14  Probe (Chrono Boost)  
  80  6:15  Observer  
  80  6:16  Probe (Chrono Boost)  
  83  6:20  Probe (Chrono Boost)  
  83  6:24  Gateway  
  83  6:25  Gateway  
  85  6:26  Sentry  
  85  6:27  Probe x2 (Chrono Boost)  
  85  6:29  Protoss Ground Weapons Level 1 (Chrono Boost)  
  85  6:30  Probe (Chrono Boost)  
  85  6:31  Probe (Chrono Boost)  
  88  6:33  Probe  
  88  6:39  Zealot x2  
  94  6:43  Probe  
  94  6:45  Observer, Gateway  
  95  6:50  Gateway  
  95  6:54  Colossus (Chrono Boost), Pylon  
  95  6:56  Nexus  
  95  6:58  Pylon  
  101  7:04  Probe  
  100  7:09  Extended Thermal Lance  
  100  7:12  Zealot x2, Probe x2  
  100  7:13  Zealot x2  
  110  7:17  Probe  
  111  7:24  Probe x2  
  111  7:27  Pylon  
  111  7:29  Zealot, Probe  
  116  7:30  Zealot  
  116  7:36  Forge, Probe x2  
  116  7:37  Pylon  
  120  7:41  Pylon  
  120  7:43  Colossus (Chrono Boost)  
  120  7:48  Observer  
  120  7:50  Probe x3  
  128  8:02  Probe  
  128  8:05  Protoss Ground Armor Level 1 (Chrono Boost)  
  129  8:09  Gateway x2  
  129  8:15  Zealot x8  
  129  8:17  Probe  
  146  8:25  Observer (Chrono Boost), Pylon  
  146  8:26  Protoss Ground Weapons Level 2 (Chrono Boost)  
  145  8:30  Nexus  
  145  8:32  Pylon  
  143  8:45  Probe x4  
  143  8:46  Immortal (Chrono Boost)  
  143  8:48  Observer  
  151  8:57  Probe x4  
  151  8:59  Gateway  
  151  9:01  Gateway, Pylon  
  155  9:08  Pylon  
  155  9:09  Probe  
  156  9:16  Immortal (Chrono Boost)  
  156  9:21  Zealot x5  
  156  9:22  Zealot x5  
  180  9:26  Probe x2  
  180  9:29  Pylon  
  182  9:32  Gateway x2  
  182  9:41  Pylon  
  182  9:43  Stalker x7  
  196  9:46  Zealot x2  
  200  9:55  Protoss Ground Armor Level 2 (Chrono Boost)  
  200  9:59  Pylon  
  190  10:03  Disruptor  
  190  10:06  Robotics Facility  
  190  10:07  Assimilator x2  
  188  10:15  Nexus  
  188  10:16  Nexus  
  188  10:18  Pylon  
  188  10:20  Probe x2  
  188  10:21  Probe x2  
  192  10:27  Zealot  
  192  10:28  Zealot x3  
  200  10:39  Observer  
  179  10:44  Zealot x2  
  179  10:45  Zealot x3, Stalker x3  
  186  10:55  Stalker x2  
  188  11:02  Pylon  
  188  11:03  Assimilator  
  182  11:20  Nexus  
  182  11:25  Probe  
  182  11:26  Probe x2  
  184  11:33  Probe  
  184  11:34  Probe  
  184  11:36  Protoss Ground Weapons Level 3 (Chrono Boost), Assimilator  
  184  11:37  Assimilator  
  184  11:38  Assimilator  
  186  11:41  Assimilator  
  186  11:43  Zealot x7  
  200  11:49  Protoss Ground Armor Level 3 (Chrono Boost)  
  186  12:11  Zealot x9  
  174  12:16  Zealot x13  
  174  12:17  Zealot  
  168  12:29  Disruptor x2 (Chrono Boost)  
  144  12:39  Zealot x14  
  172  12:45  Probe x2  
  172  12:46  Probe x4  
  178  12:56  Observer  
  178  13:01  Zealot x11  
  200  13:09  Stargate  
  200  13:15  Pylon  
  200  13:24  Observer (Chrono Boost)  
  200  13:36  Observer (Chrono Boost)  
  197  13:41  Photon Cannon  
  197  13:42  Observer (Chrono Boost)  
  195  13:49  Observer (Chrono Boost)  
  196  13:55  Photon Cannon x2  
  196  14:01  Photon Cannon  
  194  14:08  Zealot x2, Observer, Photon Cannon  
  199  14:11  Pylon  
  199  14:12  Observer  
  200  14:22  Fleet Beacon  
  200  14:24  Stargate  
  200  14:25  Stargate  
  200  14:27  Stargate  
  200  14:37  Robotics Bay  
  198  15:01  Nexus  
  187  15:21  Nexus  
  187  15:24  Pylon  
  179  15:36  Pylon  
  179  15:37  Pylon  
  179  15:39  Pylon x2  
  179  15:41  Pylon  
  179  15:42  Pylon x2  
  165  15:44  Zealot x4  
  165  15:45  Pylon x2  
  165  15:47  Cybernetics Core, Pylon  
  165  15:49  Zealot x2  
  163  15:50  Pylon  
  163  15:51  Probe  
  163  15:53  Pylon  
  157  16:01  Disruptor (Chrono Boost)  
  157  16:04  Tempest x3 (Chrono Boost)  
  175  16:12  Zealot x11  
  195  16:29  Observer  
  186  16:41  Tempest  
  186  16:42  Tempest x2  
  200  16:47  Pylon  
  200  16:50  Nexus  
  200  17:01  Observer  
  200  17:05  Pylon  
  180  17:09  Disruptor x2 (Chrono Boost)  
  180  17:10  Protoss Air Weapons Level 1 (Chrono Boost)  
  125  17:28  Observer  
  125  17:29  Stalker x4  
  133  17:31  Zealot x6  
  135  17:45  Nexus  
  135  17:46  Pylon  
  133  17:52  Zealot x3  
  133  17:56  Stalker x8  
  154  17:58  Disruptor x2  
  150  18:08  Assimilator  
  143  18:14  Assimilator  
  143  18:17  Assimilator  
  143  18:23  Unknown  
  143  18:25  Nexus  
  143  18:33  Assimilator  
  148  18:54  Observer  
  140  19:00  Tempest (Chrono Boost)  
  140  19:01  Tempest (Chrono Boost)  
  145  19:07  Observer  
  145  19:11  Tempest (Chrono Boost)  
  145  19:13  Nexus  
  145  19:15  Pylon  
  150  19:23  Zealot x11  
Show
View Real Time Build Order
Export as new Build Order

Spirit Terran - Winner!

Build Orders:  

Get SALT Encoding   

  12  0:00  SCV  
  13  0:12  SCV  
  14  0:17  Supply Depot  
  14  0:24  SCV  
  15  0:38  SCV  
  15  0:41  Barracks  
  16  0:51  SCV  
  16  0:53  Refinery  
  17  1:03  SCV  
  18  1:07  Engineering Bay  
  18  1:15  SCV  
  19  1:29  Orbital Command, Marine  
  20  1:48  Barracks Reactor  
  20  1:54  Command Center  
  20  1:55  SCV  
  21  2:01  Supply Depot  
  21  2:08  SCV  
  22  2:15  Factory  
  22  2:20  SCV  
  23  2:25  Marine x2  
  25  2:30  Bunker  
  25  2:32  SCV  
  26  2:44  SCV  
  27  2:55  Command Center  
  27  2:58  SCV  
  28  3:04  Hellion  
  30  3:10  Orbital Command  
  30  3:13  SCV  
  30  3:17  Marine  
  30  3:18  Marine  
  33  3:25  SCV  
  34  3:27  Factory Tech Lab  
  34  3:30  Supply Depot  
  34  3:35  Marine x2  
  34  3:36  SCV  
  34  3:37  SCV  
  38  3:48  SCV  
  42  3:49  SCV  
  42  3:54  Marine x2  
  45  3:55  Barracks  
  45  4:00  SCV  
  45  4:02  SCV  
  47  4:03  Engineering Bay  
  48  4:10  Orbital Command  
  48  4:11  Marine  
  48  4:12  Marine  
  48  4:13  SCV  
  48  4:16  Siege Tank  
  50  4:21  SCV  
  50  4:22  Refinery  
  50  4:23  Refinery  
  51  4:25  SCV  
  51  4:29  Marine x2  
  54  4:33  SCV, Missile Turret  
  54  4:36  Barracks  
  55  4:44  SCV x2, Barracks Tech Lab  
  55  4:45  Bunker  
  57  4:47  Marine  
  57  4:48  Siege Tank  
  57  4:50  Bunker  
  57  4:51  SCV  
  60  4:55  Refinery  
  60  4:57  SCV x2  
  62  5:01  Sensor Tower  
  62  5:03  SCV, Marine  
  62  5:06  Stimpack  
  62  5:07  Marine  
  64  5:08  Marine  
  67  5:18  Supply Depot  
  67  5:19  Supply Depot  
  67  5:20  SCV, Marine  
  68  5:21  SCV  
  68  5:24  Marine  
  68  5:25  Barracks Tech Lab  
  68  5:28  SCV, Siege Tank  
  73  5:30  Marine  
  73  5:32  SCV  
  76  5:38  SCV  
  76  5:40  Starport  
  76  5:41  SCV, Marine  
  76  5:42  Marine  
  79  5:43  Marine, Orbital Command  
  79  5:47  SCV  
  81  5:51  Marauder  
  81  5:52  SCV  
  83  5:59  Marine  
  83  6:00  SCV  
  83  6:01  Combat Shield  
  83  6:03  Marine  
  86  6:07  Supply Depot x2  
  86  6:13  Missile Turret  
  86  6:16  Terran Infantry Weapons Level 1  
  86  6:19  Starport Reactor  
  86  6:28  SCV x3, Marine  
  86  6:29  Barracks  
  86  6:32  Barracks  
  90  6:33  Supply Depot x2  
  90  6:35  Siege Tank  
  93  6:40  SCV x3  
  93  6:43  Orbital Command  
  93  6:46  Concussive Shells  
  96  6:53  SCV  
  97  6:55  Medivac  
  97  6:56  Medivac, Marine  
  97  6:57  SCV, Marauder  
  97  6:59  Command Center  
  102  7:02  Marauder, Marine  
  102  7:05  SCV  
  104  7:09  SCV  
  104  7:10  SCV  
  104  7:11  Bunker  
  104  7:14  Bunker  
  106  7:17  SCV  
  106  7:19  Barracks Reactor, Barracks Tech Lab  
  106  7:21  SCV  
  106  7:22  SCV  
  108  7:25  Bunker, Viking  
  108  7:27  Supply Depot  
  108  7:28  Siege Tank  
  108  7:29  SCV  
  114  7:32  Medivac  
  114  7:34  SCV, Refinery  
  117  7:37  Refinery  
  117  7:43  Ghost Academy, Supply Depot  
  117  7:45  SCV  
  117  7:54  SCV x2  
  117  7:55  Marauder  
  117  7:56  Supply Depot  
  117  7:57  Marauder x2  
  125  8:05  SCV, Medivac, Marine x3  
  131  8:06  Missile Turret  
  131  8:07  SCV, Missile Turret  
  131  8:11  Armory  
  132  8:13  Engineering Bay  
  132  8:14  SCV  
  132  8:15  Marine  
  132  8:16  Marauder  
  132  8:17  SCV, Ghost  
  132  8:18  Marine  
  140  8:21  SCV  
  140  8:22  Marine  
  140  8:26  SCV  
  143  8:28  Supply Depot  
  143  8:29  Supply Depot  
  143  8:30  Siege Tank  
  146  8:35  SCV x2  
  146  8:38  Ghost  
  150  8:44  Marine x3, Ghost  
  150  8:48  SCV  
  156  8:50  SCV  
  156  8:52  Supply Depot  
  156  8:53  Supply Depot, Refinery, Planetary Fortress  
  156  8:54  Supply Depot, Refinery  
  156  8:55  SCV  
  158  8:58  Terran Infantry Armor Level 1  
  158  9:05  Terran Infantry Weapons Level 2  
  158  9:06  Marine x2  
  158  9:08  SCV  
  161  9:10  Marauder x2  
  161  9:11  SCV  
  165  9:17  Marauder  
  165  9:18  Command Center  
  165  9:20  Terran Vehicle Weapons Level 1  
  167  9:25  Sensor Tower  
  167  9:28  Supply Depot  
  167  9:30  Sensor Tower  
  167  9:31  Marauder x2  
  169  9:39  Marauder, Enhanced Shockwaves  
  169  9:41  Barracks x2  
  169  9:42  Barracks  
  171  9:51  Missile Turret  
  171  9:52  Marine  
  172  9:53  Marauder x2  
  172  9:54  Missile Turret  
  172  9:55  Supply Depot  
  174  10:01  Marauder, Marine  
  174  10:02  Medivac x2  
  181  10:13  Marine  
  184  10:14  Marauder  
  184  10:19  Ghost  
  186  10:22  Command Center, Ghost  
  188  10:29  Marine  
  191  10:36  Marauder  
  191  10:40  Marine  
  185  10:45  Marine  
  185  10:47  Medivac, Ghost  
  168  10:50  Ghost  
  168  10:55  Barracks Tech Lab x3  
  164  10:57  Marauder  
  164  10:58  Personal Cloaking, Marine  
  164  11:03  Terran Infantry Armor Level 2  
  162  11:13  Siege Tank  
  162  11:15  Ghost x2  
  162  11:17  Marauder  
  169  11:18  Marauder  
  169  11:19  Terran Vehicle Weapons Level 2  
  169  11:20  Ghost Academy, Marauder  
  169  11:21  Marauder  
  169  11:22  Marine x4  
  169  11:24  Medivac  
  176  11:28  Medivac  
  178  11:35  Orbital Command  
  178  11:38  Marauder  
  182  11:40  Marauder, Marine  
  182  11:41  Marauder  
  182  11:42  Marauder  
  182  11:43  Planetary Fortress  
  182  11:44  Marauder  
  189  11:51  Terran Infantry Weapons Level 3  
  189  11:52  Marauder, Marine  
  189  11:53  Marine  
  193  11:57  Refinery x2  
  193  11:59  Marauder  
  193  12:00  Marine  
  196  12:04  Marauder, Marine  
  193  12:08  Missile Turret  
  193  12:11  Siege Tank  
  188  12:16  Marine  
  188  12:19  Marine x3  
  188  12:20  Marine x4  
  188  12:21  Marine  
  163  12:24  Nuke  
  163  12:25  Marine  
  147  12:34  Medivac x2, Marine  
  147  12:36  Marine x2  
  152  12:38  SCV, Marauder x3  
  152  12:39  SCV x2  
  152  12:44  SCV, Siege Tank  
  166  12:52  Starport  
  166  12:53  Fusion Core  
  166  13:00  Ghost  
  166  13:03  Command Center  
  168  13:16  Siege Tank  
  168  13:18  Ghost x2  
  174  13:20  Ghost x2  
  174  13:25  Ghost  
  180  13:29  Marine x4  
  180  13:34  Nuke  
  184  13:35  Marauder  
  186  13:47  Medivac x2, Marine x5  
  186  13:48  Siege Tank  
  198  13:53  Ghost  
  192  13:56  Ghost  
  192  13:57  Marine  
  192  13:58  Marine, Ghost  
  194  14:04  Advanced Ballistics, Marine  
  194  14:05  Marine  
  194  14:06  Starport Reactor  
  194  14:07  Marine  
  195  14:16  Marine x4  
  197  14:22  Marine x3  
  198  14:42  Marine  
  198  14:43  Marauder  
  198  14:50  Marauder, Marine  
  198  14:52  Nuke  
  200  15:19  Marine  
  200  15:20  Medivac x2  
  190  15:37  Medivac  
  190  15:39  Marine  
  189  15:45  Marine  
  189  15:46  Marauder x2  
  189  15:47  Terran Infantry Armor Level 3  
  187  15:52  Marine  
  187  15:53  Marauder  
  187  15:54  Marine  
  187  15:55  Marauder, Marine  
  191  15:59  Medivac x2  
  191  16:01  Marine  
  196  16:04  Planetary Fortress  
  196  16:09  Refinery  
  196  16:10  Command Center  
  196  16:13  Command Center  
  196  16:18  Missile Turret  
  196  16:20  Marauder x2  
  198  16:32  Command Center  
  198  16:33  Missile Turret  
  197  16:51  Ghost  
  186  17:10  Marine x2  
  186  17:12  Marine x6  
  186  17:13  Refinery, Marine  
  186  17:19  Viking x4  
  186  17:20  Marine  
  187  17:28  Marine x2  
  189  17:31  Terran Ship Weapons Level 1  
  181  17:47  Orbital Command  
  181  17:49  Viking x4  
  187  18:00  Sensor Tower  
  187  18:02  Missile Turret  
  179  18:16  Ghost x5  
  179  18:18  Marine  
  179  18:19  Viking x4  
  196  18:29  Starport  
  196  18:31  Planetary Fortress, Starport  
  194  18:49  Viking x3  
  196  19:00  Viking  
  198  19:10  Starport Reactor  
  198  19:11  Starport Reactor  
  198  19:12  Armory  
  198  19:18  Refinery  
  198  19:19  Viking  
  198  19:22  Sensor Tower  
  198  19:23  Command Center  
  200  19:26  Missile Turret  
Tags
 
Add a new tag
Caveats
  • Supply blocks, unpowered buildings, or Contaminate may cause inaccurate times.
  • Supply counts are checked every 10 seconds.